 Seeded DCSS version 0.28-a0-773-g130ae17fe5 (webtiles) character file.

Game seed: 8187633931974095378 (custom seed)

88 flotson the Sneak (level 4, -11/37 HPs)
             Began as a Demonspawn Delver on Nov 1, 2021.
             Mangled by an ogre (15 damage)
             ... on level 3 of the Dungeon.
             The game lasted 00:03:49 (2657 turns).

flotson the Sneak (Demonspawn Delver)               Turns: 2657, Time: 00:03:50

Health: -11/37     AC:  7    Str: 14    XL:     4   Next: 30%
Magic:  4/4        EV:  5    Int: 11    God:
Gold:   131        SH: 15    Dex: 14    Spells: 3/3 levels left

rFire   . . .      SeeInvis .   a - +0 hand axe
rCold   . . .      Faith    .   i - +0 tower shield
rNeg    . . .      Spirit   .   e - +0 scale mail
rPois   .          Reflect  .   (no helmet)
rElec   .          Harm     .   (no cloak)
rCorr   .          Rampage  .   l - +0 pair of gloves
Will    .....                   (no boots)
Stlth   +.........              (no amulet)
HPRegen 0.12/turn               (no ring)
MPRegen 0.09/turn               (no ring)

@: no status effects
A: hooves 1, condensation shield
a: no special abilities


You were on level 3 of the Dungeon.
You visited 1 branch of the dungeon, and saw 5 of its levels.

You collected 131 gold pieces.

Inventory:

Hand Weapons
 a - a +0 hand axe (weapon)
 b - a +0 hunting sling
Missiles
 r - 63 stones
 s - 7 poisoned darts (quivered)
Armour
 e - a +0 scale mail (worn)
 i - a +0 tower shield (worn)
 l - a +0 pair of gloves (worn)
Jewellery
 n - a ring of fire
Wands
 g - a wand of digging (3)
Scrolls
 c - a scroll of fog
 d - a scroll of magic mapping
 j - 5 scrolls of identify {unknown}
 k - 2 scrolls of noise {unknown}
 m - a scroll of blinking {unknown}
 o - a scroll of vulnerability {unknown}
 q - a scroll of teleportation {unknown}
Potions
 f - a potion of haste
 h - 2 potions of attraction {unknown}
 p - a potion of lignification {unknown}


   Skills:
 + Level 3.7 Fighting
 - Level 1.7 Axes
 + Level 0.3 Throwing
 + Level 1.8 Armour
 + Level 2.6 Dodging
 - Level 4.5 Stealth
 + Level 0.4 Shields


You had 3 spell levels left.
You didn't know any spells.
Your spell library was empty.

Dungeon Overview and Level Annotations

Branches:
Dungeon (5/15)
 Temple: D:4-7

Altars:

Annotations:
D:4 Natasha


Innate Abilities, Weirdness & Mutations

You have large cloven feet.
A meltable shield of frost defends you. (SH +4)


Message History

The ogre is poisoned.
The ogre is lightly wounded.
You block the ogre's attack.
The ogre looks more healthy.
You block the ogre's attack.
Throw: 12 darts (poison)
Press: ? - help, Q - select action, (/) - cycle Shift-Dir - straight line, f/p - ogre
Aim: an ogre, wielding a +0 giant club (heavily wounded, 72% to hit)
You throw a poisoned dart.
The poisoned dart barely misses the ogre.
You block the ogre's attack.
Throw: 11 darts (poison)
Press: ? - help, Q - select action, (/) - cycle Shift-Dir - straight line, f/p - ogre
Aim: an ogre, wielding a +0 giant club (heavily wounded, 74% to hit)
You throw a poisoned dart. The poisoned dart hits the ogre.
The ogre is poisoned.
The ogre is heavily wounded.
The ogre hits you with a +0 giant club!!
Throw: 10 darts (poison)
Press: ? - help, Q - select action, (/) - cycle Shift-Dir - straight line, f/p - ogre
Aim: an ogre, wielding a +0 giant club (severely wounded, poisoned, 73% to hit)
You throw a poisoned dart. The poisoned dart hits the ogre.
The ogre is severely wounded.
The ogre hits you with a +0 giant club!
* * * LOW HITPOINT WARNING * * *
The ogre looks more healthy.
Throw: 9 darts (poison)
Press: ? - help, Q - select action, (/) - cycle Shift-Dir - straight line, f/p - ogre
Aim: an ogre, wielding a +0 giant club (severely wounded, 73% to hit)
You throw a poisoned dart.
The poisoned dart barely misses the ogre.
The ogre barely misses you.
Throw: 8 darts (poison)
Press: ? - help, Q - select action, (/) - cycle Shift-Dir - straight line, f/p - ogre
Aim: an ogre, wielding a +0 giant club (severely wounded, 73% to hit)
You throw a poisoned dart. The poisoned dart hits the ogre.
The ogre is poisoned.
The ogre is severely wounded.
The ogre hits you with a +0 giant club!
You die...

#...##.#
######.# #.#
#)# #.# #.# #)#
#.# #@# #O# #.#
## ###.# (.
#..(# .# #.###
(#
#(######.######
#.#...[.......#
#.#.####.####.#


You could see an ogre (poisoned).

Vanquished Creatures
  2 gnolls (D:3)
  An adder (D:2)
  A worm (D:2)
  A dart slug (D:2)
  3 orcs (D:3)
  3 ball pythons
  4 endoplasms
  6 giant cockroaches
  6 goblins
  A hobgoblin (D:1)
  4 jackals (D:1)
  2 quokkas (D:1)
  3 bats
  3 frilled lizards (D:2)
  4 kobolds
  8 rats
52 creatures vanquished.

Notes
Turn   | Place    | Note
-------+----------+-------------------------------------------
     0 | D:5      | flotson the Demonspawn Delver began the quest for the Orb.
     0 | D:5      | Reached XP level 1. HP: 18/18 MP: 1/1
    10 | D:5      | Noticed a bullfrog
    42 | D:4      | Noticed Natasha
   349 | D:2      | Gained mutation: A meltable shield of frost defends you.
                  | (SH +4) [demonic ancestry]
   349 | D:2      | Reached XP level 2. HP: 22/24 MP: 2/2
   412 | D:1      | Reached skill level 1 in Armour
  1122 | D:1      | Found a faded altar of an unknown god.
  1132 | D:1      | Gained mutation: You have large cloven feet. [demonic
                  | ancestry]
  1132 | D:1      | Reached XP level 3. HP: 23/29 MP: 3/3
  2421 | D:3      | Reached XP level 4. HP: 37/37 MP: 4/4
  2619 | D:3      | Noticed an ogre
  2657 | D:3      | Mangled by an ogre

Illustrated notes

Levels and vault maps discovered:
D:1:      giann_forest_graveyard, layout_loops_ring,
          hellmonk_ecumenical_altar_lost_god, minmay_worlds_worst_comb
D:2:      layout_basic
D:3:      cheibrodos_thug_alley, layout_loops_ring, yredelemnul_altar_generic,
          minmay_pentangle
D:4:      layout_loops_ring, lightli_sewer_entry_pipes,
          chequers_serial_rivers_marsh, minmay_cut_off, uniq_blork_the_orc,
          uniq_edmund, uniq_natasha
D:5:      layout_basic, nicolae_uskayaw_suspiria, mainiacjoe_overflow_alcove_4,
          minmay_temple_entry_trees, hangedman_glass_teeth, uniq_pikel

Skill      XL: |  1  2 |
---------------+-------+-----
Dodging        | 2 |  2.6
Armour         | 1 |  1.8
Fighting       | |  3.7
Axes           | |  1.7
Throwing       | |  0.3
Stealth        | |  4.5
Shields        | |  0.4

Action                   |  1- 3 |  4- 6 || total
-------------------------+-------+-------++-------
Melee: Hand axe          |   111 |    10 ||   121
       Kick              |    10 |     1 ||    11
 Fire: Hunting sling     |    15 |    24 ||    39
Throw: Dart              |       |     7 ||     7
  Use: Scroll            |     1 |       ||     1
 Stab: Sleeping          |     2 |       ||     2
Armor: Scale mail        |    72 |     4 ||    76
Dodge: Dodged            |    13 |     4 ||    17
Block: Tower shield      |   109 |    25 ||   134

Table legend: (Time is in decaauts)
 A = Elapsed time spent in this place.
 B = Non-inter-level travel time spent in this place.
 C = Inter-level travel time spent in this place.
 D = Time resting spent in this place.
 E = Time spent auto-exploring this place.
 F = Levels seen in this place.
 G = Mean time per level.
                   A        B        C        D        E       F      G
               +--------+--------+--------+--------+--------+-----+--------+
         Total |   2770 |   2691 |     79 |      0 |   2111 |   5 |  554.0 |
       Dungeon |   2770 |   2691 |     79 |      0 |   2111 |   5 |  554.0 |
               +--------+--------+--------+--------+--------+-----+--------+

Top non-repeatable levels by time:
     D:1: 1370 daAuts
     D:2: 987 daAuts
     D:3: 329 daAuts
     D:5: 42 daAuts
     D:4: 40 daAuts
